 Dungeon Crawl Stone Soup version 0.25.1-2-g60ff931df9 (webtiles) character file.

Game seed: 4402549256930543672

81 Allula97 the Skirmisher (level 4, -1/35 HPs)
             Began as a Demonspawn Fighter on Nov 18, 2020.
             Slain by an orc
             ... wielding a +0 short sword
              (3 damage)
             ... on level 3 of the Dungeon.
             The game lasted 00:04:27 (2014 turns).

Allula97 the Skirmisher (Demonspawn Fighter)        Turns: 2014, Time: 00:04:27

Health: -1/35      AC: 12    Str: 14 (17) XL:     4   Next: 19%
Magic:  0/3        EV:  7    Int:  8 (9)  God:
Gold:   58         SH:  8    Dex: 11 (13) Spells: 3/3 levels left

rFire    . . .     SeeInvis .     - Unarmed
rCold    . . .     Gourm    .   b - +0 kite shield
rNeg     . . .     Faith    .   a - +0 scale mail
rPois    .         Spirit   +   (helmet restricted)
rElec    .         Reflect  .   l - +2 cloak
rCorr    .         Harm     .   (no gloves)
MR       .....                  (no boots)
Stlth    ..........             (no amulet)
HPRegen  0.11/turn              (no ring)
MPRegen  0.08/turn              (no ring)

@: mighty, brilliant
A: antennae 1, yellow scales 2, low mp 1, magic shield
a: no special abilities


You were on level 3 of the Dungeon.
You were not hungry.

You visited 1 branch of the dungeon, and saw 3 of its levels.

You collected 58 gold pieces.

Inventory:

Missiles
 p - 12 poisoned darts (quivered)
Armour
 a - a +0 scale mail (worn)
 b - a +0 kite shield (worn)
 l - a +2 cloak (worn)
Scrolls
 c - a scroll of amnesia {unknown}
 e - 4 scrolls of remove curse {unknown}
 f - 2 scrolls of identify {unknown}
 g - a scroll of magic mapping {unknown}
 j - a scroll of enchant weapon {unknown}
 m - a scroll of enchant armour {unknown}
 n - a scroll of teleportation {unknown}
Comestibles
 d - 5 rations
 i - 4 chunks of flesh


   Skills:
 * Level 3.3 Fighting
 * Level 3.1 Armour
 * Level 1.0 Dodging
 * Level 1.2 Stealth
 * Level 3.1 Shields
 * Level 2.4 Unarmed Combat


You had 3 spell levels left.
You didn't know any spells.
Your spell library was empty.

Dungeon Overview and Level Annotations

Branches:
Dungeon (3/15)

Altars:


Innate Abilities, Weirdness & Mutations

You are mostly covered in yellow scales. (AC +3)
When hurt, damage is shared between your health and your magic reserves.
You have a pair of small antennae on your head.
Your magical capacity is low. (-10% MP)


Message History

You closely miss the orc priest. The orc hits you but does no damage.
The orc priest looks braver for a moment.
The orc barely misses you.
You hit the orc priest but do no damage.
You block the orc's attack.
The orc priest hits you but does no damage.
The orc hits you but does no damage.
You punch the orc priest!
The orc priest is severely wounded.
You block the orc's attack.
The orc priest miscasts a cantrip.
The orc hits you but does no damage.
You punch the orc priest!
You kill the orc priest!
You feel your intelligence returning.
Your Dodging skill increases to level 1!
You have reached level 4!
You feel agile. The orc closely misses you.
The orc hits you with a +0 short sword.
You die...

....## .. ..... .#
.... #. .# ... #.
.# #.. #.# b# #.#
####..##o#
#.######......oo#
###.....##......@[#
..................#
......)...#####...#
....###...# ##..#
....# #...######..#
....# #.........#.#
...#####........#.#
................#.#
................#.#


You could see 3 orcs and a bat.

Vanquished Creatures
  An orc priest (D:3)
  An adder (D:2)
  A worm (D:2)
  A dart slug (D:3)
  2 leopard geckos
  An orc (D:3)
  5 bats
  A giant cockroach (D:2)
  5 goblins
  4 hobgoblins
  3 ball pythons
  4 frilled lizards
  6 kobolds
  4 rats
39 creatures vanquished.

Notes
Turn   | Place    | Note
-------+----------+-------------------------------------------
     0 | D:1      | Allula97 the Demonspawn Fighter began the quest for the
                  | Orb.
     0 | D:1      | Reached XP level 1. HP: 18/18 MP: 1/1
   936 | D:2      | Gained mutation: When hurt, damage is shared between your
                  | health and your magic reserves. [demonic ancestry]
   936 | D:2      | Reached XP level 2. HP: 24/24 MP: 2/2
  1083 | D:2      | Gained mutation: You are partially covered in yellow
                  | scales. (AC +2) [demonic ancestry]
  1083 | D:2      | Reached XP level 3. HP: 5/29 MP: 1/3
  1890 | D:3      | Reached skill level 1 in Stealth
  2007 | D:3      | Gained mutation: Your magical capacity is low. (-10% MP)
                  | [potion of mutation]
  2007 | D:3      | Gained mutation: You have a pair of small antennae on your
                  | head. [potion of mutation]
  2007 | D:3      | Gained mutation: You are mostly covered in yellow scales.
                  | (AC +3) [potion of mutation]
  2010 | D:3      | HP: 1/29 [orc/+0 short sword (1)]
  2014 | D:3      | Reached skill level 1 in Dodging
  2014 | D:3      | Reached XP level 4. HP: 1/35 MP: 1/3
  2014 | D:3      | Slain by an orc

Illustrated notes

Levels and vault maps discovered:
D:1:      evilmike_arrival_fibonacci_small, layout_basic, item_on_display_a
D:2:      layout_rooms
D:3:      layout_basic, st_stairs_12, tso_altar, uniq_natasha

Skill      XL: |  1  2  3 |
---------------+----------+-----
Armour         | 3 |  3.1
Unarmed Combat | 2 |  2.4
Shields        | 3 |  3.1
Stealth        | 1 |  1.2
Dodging        | 1 |  1.0
Fighting       | |  3.3

Action                   |  1- 3 |  4- 6 || total
-------------------------+-------+-------++-------
Melee: Unarmed           |   215 |       ||   215
Throw: Dart              |     1 |       ||     1
  Use: Potion            |     5 |       ||     5
  Eat: Chunk             |     4 |       ||     4
Armor: Scale mail        |   110 |       ||   110
Dodge: Dodged            |    70 |     1 ||    71
Block: Kite shield       |   101 |       ||   101
